 Dungeon Crawl Stone Soup version 0.20-a0-629-gc37eb77 (webtiles) character file.

564 HarryHood the Cudgeler (level 7, -8/46 HPs)
             Began as a Gargoyle Fighter on Feb 11, 2017.
             Was an Initiate of Dithmenos.
             Killed by divine providence
             ... invoked by an orc priest
              (13 damage)
             ... on level 6 of the Dungeon.
             The game lasted 00:11:55 (3187 turns).

HarryHood the Cudgeler (Gargoyle Fighter)           Turns: 3187, Time: 00:11:56

Health: -8/46      AC: 20    Str: 19    XL:     7   Next: 32%
Magic:  7/7        EV:  5    Int:  9    God:    Dithmenos [......]
Gold:   313        SH: 10    Dex: 16    Spells: 6/6 levels left

rFire    . . .     SeeInvis .   a - +0 flail
rCold    . . .     Gourm    .   m - +3 chain mail
rNeg     + . .     Faith    .   c - +1 shield
rPois    ∞         Spirit   .   d - +1 helmet
rElec    +         Reflect  .   (no cloak)
rCorr    .         Harm     .   (no gloves)
MR       .....     Clarity  +   (no boots)
Stlth    ..........             (no amulet)
Regen    0.2/turn               (no ring)
                                p - +3 ring of dexterity

@: slowed, very slow
A: thin skeletal structure 1, clarity, negative energy resistance 1, shaggy fur
1, electricity resistance, unbreathing, petrification resistance, rot immunity,
AC +4
a: Renounce Religion


You were on level 6 of the Dungeon.
You worshipped Dithmenos.
Dithmenos was noncommittal.
You were not hungry.

You visited 2 branches of the dungeon, and saw 7 of its levels.

You collected 313 gold pieces.

Inventory:

Hand Weapons
 a - a +0 flail (weapon)
Armour
 c - a +1 shield (worn)
 d - a +1 helmet (worn)
 m - a +3 chain mail (worn)
Jewellery
 p - a +3 ring of dexterity (left hand)
Wands
 v - a wand of digging (15/24)
Scrolls
 b - 3 scrolls of teleportation {@r0}
Potions
 e - a potion of invisibility
 g - a potion of brilliance
 h - 3 potions of resistance
 i - a potion of curing {unknown}
 k - 2 potions of flight
 l - a potion of heal wounds {@q1}
 n - a potion of lignification {unknown}
 q - a potion of ambrosia {unknown}
 r - a potion of mutation {!q}
Comestibles
 f - 3 bread rations {@e1}
 j - a meat ration {@e1}
 o - 4 fruits {@e2}
 t - 3 royal jellies {=g@e3}


   Skills:
 - Level 6.0 Fighting
 - Level 6.2 Maces & Flails
 * Level 3.5 Armour
 - Level 3.2 Shields


You had 6 spell levels left.
You didn't know any spells.

Dungeon Overview and Level Annotations

Branches:
Dungeon (6/15)             Temple (1/1) D:4

Altars:
Cheibriados
Dithmenos
Elyvilon
Kikubaaqudgha
Okawaru
Qazlal
Sif Muna
Trog
Uskayaw
The Shining One


Innate Abilities, Weirdness & Mutations

You are resistant to torment.
Your stone body is resilient. (AC +4)
You are immune to poison.
You resist negative energy. (rN+)
You are resistant to electric shocks. (rElec)
You can survive without breathing.
You are immune to petrification.
You are immune to rotting.
You have a somewhat thin skeletal structure. (Dex +2, Stealth)
You possess an exceptional clarity of mind.
You are covered in fur. (AC +1)


Message History

The orc wizard hits you but does no damage.
The orc warrior hits you but does no damage.
Your chain mail prevents you from hitting the orc priest.
The orc priest is severely wounded.
The orc wizard barely misses you. You block the orc priest's attack.
The orc warrior hits you with a hand axe!
* * * LOW HITPOINT WARNING * * *
The orc wizard hits you but does no damage.
The orc priest hits you but does no damage.
You hit the orc wizard but do no damage.
You block the orc wizard's attack. The orc warrior barely misses you.
The orc wizard gestures at you while chanting.
The magic dart hits you!
The orc priest hits you but does no damage.
The orc wizard hits you but does no damage.
The orc warrior hits you with a hand axe.
* * * LOW HITPOINT WARNING * * *
The orc priest mumbles some strange prayers to Beogh against you.
Beogh smites you!
You die...

#### ###.<###
##....@o###
#....[....#
#......oo..#
#...........#
##..........#
#....(.....#
#...........#
#...........#
#...........#


You could see an orc warrior, an orc priest and an orc wizard.

Vanquished Creatures
  An ice beast (D:5)
  An ogre (D:4)
  A centaur (D:5)
  An orc priest (D:6)
  An orc wizard (D:3)
  An iguana (D:5)
  A worker ant (D:4)
  A killer bee zombie (D:5)
  A worker ant zombie (D:5)
  Robin (D:3)
  4 gnolls (D:2)
  3 adders
  An ooze (D:1)
  4 worms
  3 dart slugs
  A leopard gecko (D:3)
  4 orcs (D:3)
  5 bats
  4 giant cockroaches
  15 goblins
  10 hobgoblins
  2 frilled lizards
  A jackal skeleton (D:5)
  4 kobolds
  7 rats
78 creatures vanquished.

Notes
Turn   | Place    | Note
-------+----------+-------------------------------------------
     0 | D:1      | HarryHood the Gargoyle Fighter began the quest for the Orb.
     0 | D:1      | Reached XP level 1. HP: 14/14 MP: 1/1
   146 | D:1      | Reached XP level 2. HP: 20/20 MP: 2/2
   166 | D:1      | Reached skill level 4 in Fighting
   399 | D:1      | Reached XP level 3. HP: 23/24 MP: 3/3
   527 | D:2      | Found a faded altar of an unknown god.
   570 | D:2      | Reached skill level 5 in Fighting
   594 | D:2      | Reached XP level 4. HP: 17/31 MP: 4/4
   777 | D:2      | Found an iron altar of Okawaru.
   983 | D:2      | Gained mutation: Your mind is acute. (Int +2) [potion of mutation]
   983 | D:2      | Gained mutation: Your body sometimes deteriorates upon taking damage. [potion of mutation]
   983 | D:2      | Gained mutation: You are frail. (-10% HP) [potion of mutation]
   983 | D:2      | Gained mutation: You are covered in fur. (AC +1) [potion of mutation]
  1143 | D:3      | Reached skill level 6 in Fighting
  1255 | D:3      | Reached XP level 5. HP: 32/32 MP: 5/5
  1256 | D:3      | Found a glowing golden altar of the Shining One.
  1288 | D:3      | Noticed Robin
  1311 | D:3      | Killed Robin
  1491 | D:3      | Reached skill level 3 in Maces & Flails
  1714 | D:3      | Found a deep blue altar of Sif Muna.
  2041 | D:4      | Reached XP level 6. HP: 26/36 MP: 6/6
  2276 | D:4      | Reached skill level 4 in Maces & Flails
  2374 | D:4      | Found a white marble altar of Elyvilon.
  2526 | D:4      | Found a staircase to the Ecumenical Temple.
  2532 | Temple   | Entered the Ecumenical Temple
  2541 | Temple   | Became a worshipper of Dithmenos the Shadowed
  2566 | Temple   | Lost mutation: Your mind is acute. (Int +2) [potion of mutation]
  2566 | Temple   | Lost mutation: You are frail. (-10% HP) [potion of mutation]
  2566 | Temple   | Lost mutation: Your body sometimes deteriorates upon taking damage. [potion of mutation]
  2566 | Temple   | Gained mutation: You have a somewhat thin skeletal structure. (Dex +2, Stealth) [potion of mutation]
  2566 | Temple   | Gained mutation: You possess an exceptional clarity of mind. [potion of mutation]
  2603 | D:5      | Entered Level 5 of the Dungeon
  2603 | D:5      | Noticed an ice beast
  2610 | D:5      | Found a bloodstained altar of Trog.
  2621 | D:5      | Killed an ice beast
  2621 | D:5      | Reached skill level 5 in Maces & Flails
  2675 | D:5      | Reached XP level 7. HP: 46/46 MP: 7/7
  2882 | D:5      | Found a hide-covered altar of Uskayaw.
  2929 | D:5      | Reached skill level 6 in Maces & Flails
  3187 | D:6      | Killed from afar by an orc priest

Vault maps used:
D:1:      minmay_arrival_radiant_lines
D:2:      lemuel_crystal_altar, chequers_ecumenical_altar_simple
D:3:      led_sif_pool, lemuel_crystal_altar, first_bread, uniq_robin
D:4:      kennysheep_mini_moat, temple_green
D:5:      eat_drink_and_be_merry_uskayaw, bloody_trog
Temple:   chequers_temple_sunken

Skill      XL: |  1  2  3  4  5  6  7 |
---------------+----------------------+-----
Fighting       | 4 5 6 |  6.0
Maces & Flails | 3 5 6 |  6.2
Armour         | |  3.5
Shields        | |  3.2

Action                   |  1- 3 |  4- 6 |  7- 9 || total
-------------------------+-------+-------+-------++-------
Melee: Flail             |    71 |   176 |    30 ||   277
  Use: Scroll            |       |     9 |     3 ||    12
       Potion            |       |     3 |     1 ||     4
  Eat: Chunk             |       |     6 |     2 ||     8
Armor: Scale mail        |    41 |    27 |       ||    68
       Chain mail        |       |    85 |    33 ||   118
Dodge: Dodged            |    17 |    46 |     7 ||    70
Block: Shield            |    29 |   100 |    31 ||   160
